 Seeded DCSS version 0.30-a0-457-g4b7bca3bfa (webtiles) character file.

Game seed: 9653979536821995196 (custom seed)

6848 purpskrrrp the Grappler (level 10, -2/76 HPs)
             Began as a Troll Warper on Dec 14, 2022.
             Was a Believer of Hepliaklqana.
             Slain by a tengu warrior
             ... wielding the +4 great sword of Lavyalas {vorpal, rElec rC- SInv}
              (6 damage)
             ... on level 8 of the Dungeon.
             The game lasted 00:11:12 (6223 turns).

purpskrrrp the Grappler (Troll Warper)              Turns: 6223, Time: 00:11:13

Health: -2/76      AC: 15    Str: 25    XL:     10   Next: 78%
Magic:  16/16      EV: 12    Int: 11    God:    Hepliaklqana [**....]
Gold:   926        SH:  5    Dex:  6    Spells: 16/18 levels left

rFire   x . .      SeeInvis +      - Unarmed
rCold   + + .      Faith    .    (no shield)
rNeg    . . .      Spirit   .    k - +0 ice dragon scales
rPois   +          Reflect  +    o - +2 hat "Wetaf" {Fly Dex-3 SInv}
rElec   +          Harm     .    (no cloak)
rCorr   .          Rampage  .    (gloves unavailable)
Will    .....                    (boots unavailable)
Stlth   ..........               H - amulet "Wiroywk" {Reflect Drain rElec rPois Int+2 SH+5}
HPRegen 1.12/turn                n - +4 ring of evasion
MPRegen 0.15/turn                (no ring)

@: flying
A: reduced essence, large, unfitting armour, claws 3, regeneration 1, shaggy fur
1, tough skin 1
a: Renounce Religion, Recall Ancestor, Ancestor Identity


You were on level 8 of the Dungeon.
You worshipped Hepliaklqana.
Hepliaklqana was pleased with you.
You visited 1 branch of the dungeon, and saw 8 of its levels.

You collected 1534 gold pieces.
You spent 608 gold pieces at shops.

Inventory:

Hand Weapons
 E - a +0 giant spiked club
Missiles
 c - 7 boomerangs of dispersal
 y - 3 throwing nets
Armour
 a - a +0 robe
 k - +0 ice dragon scales (worn)
 o - the +2 hat "Wetaf" (worn) {Fly Dex-3 SInv}
   (You acquired it on level 2 of the Dungeon)

   Dex:       It affects your dexterity (-3).
   SInv:      It lets you see invisible.
   Fly:       It grants you flight.
Jewellery
 n - a +4 ring of evasion (left claw)
 B - an amulet of regeneration
 H - the amulet "Wiroywk" (around neck) {Reflect Drain rElec rPois Int+2 SH+5}
   (You bought it in a shop on level 7 of the Dungeon)

   [amulet of reflection]

   It reflects blocked missile attacks.
   Int:       It affects your intelligence (+2).
   rElec:     It insulates you from electricity.
   rPois:     It protects you from poison.
   Drain:     It drains your maximum health when unequipped.
   SH:        It affects your SH (+5).
 I - a +6 ring of dexterity
Wands
 v - a wand of iceblast (9)
 J - a wand of charming (4)
Scrolls
 b - 3 scrolls of blinking
 d - 3 scrolls of teleportation {unknown}
 e - 3 scrolls of noise {unknown}
 h - 2 scrolls of enchant weapon {unknown}
 i - 2 scrolls of identify {unknown}
 j - a scroll of fear {unknown}
 s - a scroll of silence {unknown}
 t - 2 scrolls of vulnerability {unknown}
 u - 3 scrolls of magic mapping {unknown}
 w - 3 scrolls of amnesia {unknown}
 x - 2 scrolls of immolation {unknown}
 F - a scroll of poison {unknown}
Potions
 g - 3 potions of curing {unknown}
 l - a potion of might {unknown}
 m - 2 potions of degeneration {unknown}
 p - 2 potions of invisibility {unknown}
 q - a potion of cancellation {unknown}
 r - a potion of resistance {unknown}
 z - 2 potions of flight {unknown}
 A - a potion of haste {unknown}
 C - 2 potions of attraction {unknown}
 D - 2 potions of lignification {unknown}
 G - a potion of magic {unknown}


   Skills:
 - Level 1.5 Fighting
 - Level 2.0 Throwing
 + Level 6.0 Armour
 - Level 1.9 Dodging
 * Level 10.7 Unarmed Combat
 + Level 4.8 Spellcasting
 + Level 6.0 Translocations


You had 16 spell levels left.
You knew the following spells:

 Your Spells              Type           Power      Damage    Failure   Level
a - Blink                 Tloc           32%        N/A       7%          2

Your spell library contained the following spells:

 Spells                   Type           Power      Damage    Failure   Level
 Lesser Beckoning         Tloc           32%        N/A       14%         3
 Teleport Other           Tloc           16%        N/A       14%         3
 Portal Projectile        Hex/Tloc       18%        N/A       43%         3
 Vhi's Electric Charge    Tloc/Air       18%        N/A       43%         3
 Manifold Assault         Tloc           16%        N/A       43%         4
 Passage of Golubria      Tloc           16%        N/A       43%         4
 Kindle Blastsparks       Fire/Tloc/Air  14%        2d11      58%         3
 Call Canine Familiar     Summ           2%         N/A       86%         3
 Inner Flame              Hex/Fire       2%         N/A       86%         3
 Ozocubu's Armour         Ice            2%         N/A       86%         3
 Tukima's Dance           Hex            2%         N/A       86%         3
 Anguish                  Hex/Necr       1%         N/A       99%         4
 Flame Wave               Conj/Fire      2%         2d4       99%         4
 Sticky Flame             Conj/Fire      2%         2d3       99%         4
 Blade Hands              Tmut           1%         N/A       100%        5
 Metabolic Englaciation   Hex/Ice        1%         N/A       100%        5
 Yara's Violent Unravell  Hex/Tmut       1%         3d3       100%        5
 Simulacrum               Ice/Necr       1%         N/A       100%        6
 Enfeeble                 Hex            1%         N/A       100%        7
 Ignition                 Fire           1%         3d3       100%        8


Dungeon Overview and Level Annotations

Branches:
Dungeon (8/15)             Temple (0/1) D:6
   Lair: D:8-11

Altars:
Hepliaklqana
Kikubaaqudgha
Qazlal
Sif Muna
Trog
Vehumet
Xom

Shops:
D:3 *   D:6 [   D:7 =

Annotations:
D:5 2 runed translucent doors, indyram44's ghost, amateur DsFi
D:8 2 runed translucent doors


Innate Abilities, Weirdness & Mutations

Your life essence is reduced to manifest your ancestor. (-10% HP)
You are too large for most types of armour.
You have claws for hands.
Your natural rate of healing is unusually fast.
You are covered in fur. (AC +1)
You have tough skin. (AC +1)


Message History

The tengu warrior claws you but does no damage.
You barely miss the tengu warrior. You miss the tengu warrior.
Your claw misses the tengu warrior.
The tengu warrior hits you with the +4 great sword of Lavyalas {vorpal, rElec rC- SInv}!!
* * * LOW HITPOINT WARNING * * *
The tengu warrior pecks you.
* * * LOW HITPOINT WARNING * * *
The tengu warrior misses you.
You feel much better. The tengu warrior misses you.
The tengu warrior barely misses you. You block the tengu warrior's attack.
You closely miss the tengu warrior.
The tengu warrior hits you with the +4 great sword of Lavyalas {vorpal, rElec rC- SInv}.
The tengu warrior pecks you. The tengu warrior barely misses you.
You feel much better.
The tengu warrior hits you with the +4 great sword of Lavyalas {vorpal, rElec rC- SInv}!!
The tengu warrior barely misses you.
The tengu warrior completely misses you.
You feel much better.
The tengu warrior hits you with the +4 great sword of Lavyalas {vorpal, rElec rC- SInv}!!
* * * LOW HITPOINT WARNING * * *
x2 The tengu warrior barely misses you.
The tengu warrior claws you but does no damage.
You feel much better. The tengu warrior closely misses you.
The tengu warrior pecks you. The tengu warrior misses you.
You closely miss the tengu warrior.
The tengu warrior hits you with the +4 great sword of Lavyalas {vorpal, rElec rC- SInv}!
The tengu warrior pecks you but does no damage.
The tengu warrior claws you but does no damage.
You claw the tengu warrior!
The tengu warrior is lightly wounded.
The tengu warrior hits you with the +4 great sword of Lavyalas {vorpal, rElec rC- SInv}!!
* * * LOW HITPOINT WARNING * * *
x2 The tengu warrior pecks you but does no damage.
The tengu warrior claws you but does no damage.
You scratch the tengu warrior. Your claw misses the tengu warrior.
The tengu warrior is lightly wounded.
You mangle the tengu warrior!!
The tengu warrior is heavily wounded.
The tengu warrior hits you with the +4 great sword of Lavyalas {vorpal, rElec rC- SInv}.
You die...

##.#.#.#######.#.#.##
#######..#.##.........##.# ###
#.).....##.##########.#..# #..
#.####..#.#.# ##..#.##.## #..
####)# #.##.#.###.+!9+.#..#
#.. .....#
[.#.###.##.#..###.## #..
.....###.##.#=#.##.#####..#
#.. ......#..#.##.##.# ##.##
#.. ........##.#?.[#@# #..#
#.. ...####.#.###.###Q# ##.##
#.. ##...##.#.........# #..#
####..
###.##.##############..#
#..... #....................#
#.....
###..))))..#.....###.####.....
####.#)...))).## #..........
########.#.#####..#
#####...... .........#.# #))#
###.........


You could see a tengu warrior.

Vanquished Creatures
  A centaur warrior (D:8)
  A two-headed ogre (D:8)
  An unseen horror (D:8)
  A shadow (D:8)
  A wyvern (D:7)
  A steam dragon (D:8)
  3 water moccasins
  Duvessa (D:7)
  3 orc warriors
  3 black bears
  3 ice beasts
  A sky beast (D:6)
  2 ogres
  A centaur (D:8)
  4 kobold brigands
  A bullfrog (D:7)
  A necrophage (D:5)
  2 scorpions (D:5)
  3 wights (D:8)
  Dowan (D:7)
  6 howler monkeys
  5 hounds
  4 orc priests
  2 gnoll boudas
  A jelly (D:4)
  2 iguanas (D:4)
  Ijyb (D:3)
  5 orc wizards
  8 adders
  13 gnolls
  A shadow imp (D:5)
  A white imp (D:7)
  2 dart slugs
  25 orcs
  10 ball pythons
  8 endoplasms
  8 giant cockroaches
  15 goblins
  5 hobgoblins
  6 jackals
  5 quokkas
  10 bats
  3 frilled lizards
  18 kobolds
  3 rats (D:3)
202 creatures vanquished.

Vanquished Creatures (collateral kills)
  A hydra (D:8)
  A centaur warrior (D:8)
  2 centaurs
  A kobold brigand (D:8)
  A bullfrog (D:6)
  A howler monkey (D:8)
  An orc (D:8)
  A kobold (D:8)
9 creatures vanquished.

Vanquished Creatures (others)
  2 hexers (D:8)
  8 fungi (D:5)
10 creatures vanquished.

Grand Total: 221 creatures vanquished

Notes
Turn   | Place    | Note
-------+----------+-------------------------------------------
     0 | D:1      | purpskrrrp the Troll Warper began the quest for the Orb.
     0 | D:1      | Reached XP level 1. HP: 19/19 MP: 1/1
   157 | D:1      | Reached skill level 1 in Throwing
   188 | D:1      | Reached XP level 2. HP: 27/27 MP: 3/3
   631 | D:1      | Identified a scroll of acquirement
   631 | D:1      | Acquired +0 ice dragon scales
   669 | D:2      | Reached XP level 3. HP: 33/33 MP: 4/4
   757 | D:2      | Learned a level 2 spell: Blink
   921 | D:2      | Reached skill level 3 in Unarmed Combat
   985 | D:2      | Reached XP level 4. HP: 41/41 MP: 5/5
  1148 | D:2      | Identified the +10 trident "Isut Mok" {vorpal, Str+4
                  | Stlth+}
  1212 | D:2      | Acquired the +2 hat "Wetaf" {Fly Dex-3 SInv}
  1394 | D:3      | Found a stormy altar of Qazlal.
  1596 | D:3      | Reached XP level 5. HP: 48/48 MP: 6/6
  1727 | D:3      | Found Gepsocir's Assorted Antiques.
  1742 | D:3      | Found a shimmering altar of Xom.
  1743 | D:3      | Found a shimmering altar of Xom.
  1757 | D:3      | Found a shimmering altar of Xom.
  1757 | D:3      | Found a shimmering altar of Xom.
  1759 | D:3      | Found a shimmering altar of Xom.
  1760 | D:3      | Found a shimmering altar of Xom.
  1768 | D:3      | Reached skill level 1 in Armour
  1777 | D:3      | Noticed Ijyb
  1797 | D:3      | Killed Ijyb
  2165 | D:4      | Reached skill level 4 in Unarmed Combat
  2211 | D:4      | Reached XP level 6. HP: 55/55 MP: 6/8
  2480 | D:4      | Noticed an ice beast
  2487 | D:4      | Killed an ice beast
  2488 | D:4      | Reached skill level 5 in Unarmed Combat
  2488 | D:4      | Reached XP level 7. HP: 62/62 MP: 9/9
  2685 | D:4      | Found a shimmering blue altar of Sif Muna.
  2756 | D:5      | Entered Level 5 of the Dungeon
  2930 | D:5      | Found a radiant altar of Vehumet.
  2988 | D:5      | Reached skill level 6 in Unarmed Combat
  2988 | D:5      | Reached XP level 8. HP: 45/70 MP: 11/11
  3288 | D:5      | Found a hazy altar of Hepliaklqana.
  3289 | D:5      | Found a large runed translucent door.
  3290 | D:5      | Noticed indyram44's ghost (amateur DsFi)
  3291 | D:5      | Found a large runed translucent door.
  3674 | D:5      | Became a worshipper of Hepliaklqana the Forgotten
  3768 | D:6      | Found Xoniss's Antique Armour Emporium.
  3814 | D:6      | Found a staircase to the Ecumenical Temple.
  3943 | D:6      | Reached skill level 7 in Unarmed Combat
  4063 | D:6      | Reached * piety under Hepliaklqana
  4284 | D:6      | Acquired 1161 gold pieces
  4440 | D:7      | Identified the +10 falchion "Tupaib" {elec, rPois rF- rCorr
                  | Str+3}
  4442 | D:7      | Identified the +12 rapier of the Shimmering Tiger {chaos,
                  | Will+ Str+2}
  4493 | D:7      | Found Nawa's Jewellery Boutique.
  4512 | D:7      | Reached XP level 9. HP: 68/68 MP: 13/13
  4531 | D:7      | Bought the amulet "Wiroywk" {Reflect Drain rElec rPois
                  | Int+2 SH+5} for 608 gold pieces
  4598 | D:7      | Noticed Duvessa
  4599 | D:7      | Noticed Dowan
  4613 | D:7      | Killed Duvessa
  4620 | D:7      | Found a bloodstained altar of Trog.
  4626 | D:7      | Killed Dowan
  4627 | D:7      | Reached skill level 8 in Unarmed Combat
  4632 | D:7      | Found an ancient bone altar of Kikubaaqudgha.
  4983 | D:7      | Found a large runed translucent door.
  4983 | D:7      | Found a large runed translucent door.
  4988 | D:7      | Found a shimmering altar of Xom.
  5448 | D:7      | Reached skill level 5 in Translocations
  5648 | D:8      | Reached ** piety under Hepliaklqana
  5649 | D:8      | Remembered your ancestor Gladwin as a hexer
  5657 | D:8      | Reached skill level 9 in Unarmed Combat
  5671 | D:8      | Noticed a two-headed ogre
  5676 | D:8      | Killed a two-headed ogre
  5677 | D:8      | Reached skill level 5 in Armour
  5677 | D:8      | Reached XP level 10. HP: 73/76 MP: 15/15
  5958 | D:8      | Got the Almanac of the Gathered Arsonist
  5992 | D:8      | Noticed a centaur warrior
  6008 | D:8      | Killed a centaur warrior
  6009 | D:8      | Reached skill level 10 in Unarmed Combat
  6020 | D:8      | Noticed an eight-headed hydra
  6035 | D:8      | Killed a nine-headed hydra
  6104 | D:8      | Found a runed translucent door.
  6105 | D:8      | Noticed a gargoyle
  6106 | D:8      | Noticed a centaur warrior
  6120 | D:8      | Killed a centaur warrior
  6139 | D:8      | Found a runed translucent door.
  6168 | D:8      | Identified the +4 great sword of Lavyalas {vorpal, rElec
                  | rC- SInv}
  6168 | D:8      | Noticed a tengu warrior
  6221 | D:8      | HP: 2/76 [tengu warrior/the +4 great sword of Lavyalas
                  | {vorpal, rElec rC- SInv} (5)]
  6223 | D:8      | Slain by a tengu warrior

Illustrated notes

Levels and vault maps discovered:
D:1:      lemuel_arrival_lava_pool, layout_basic
D:2:      cheibrodos_old_hovel, layout_loops_ring
D:3:      kennysheep_the_goblin_king, layout_loops_ring, xom_redecorated,
          nicolae_qazlal_general_emergency, serial_shops, shop,
          kennysheep_flooded_box
D:4:      layout_loops_ring, kennysheep_orc_sif_temple,
          hangedman_decor_peaks_small, hex_medium, minmay_strange_pillars,
          st_stairs_7, hangedman_decor_lopped
D:5:      layout_loops_ring, mainiacjoe_overflow_chevrons,
          mainiacjoe_overflow_boulevard, ebering_ghost_disaster_area
D:6:      layout_gridville, minmay_temple_entry_ruins, serial_shops,
          nicolae_shop_behind_doors, minmay_small_thing
D:7:      due_chaos_kobolds, layout_loops_corners,
          chequers_temple_overflow_statue_of_worship, serial_shops, shop,
          uniq_duvessa
D:8:      minmay_the_grid_triangle_9x9_rhombus_thin
          [minmay_the_grid_triangle_9x9_tough_junction,
          minmay_the_grid_triangle_9x9_prize_top_heavy,
          minmay_the_grid_triangle_9x9_impossible_snake,
          minmay_the_grid_triangle_9x9_sprig], layout_basic, elyvilon_altar_5,
          zin_angel

Skill      XL: |  1  2  3  4  5  6  7  8  9 10 |
---------------+-------------------------------+-----
Throwing       | 1 2 |  2.0
Unarmed Combat | 3 4 5 6 7 9 10 | 10.7
Armour         | 1 2 4 5 6 |  6.0
Spellcasting   | 2 3 4 |  4.8
Translocations | 3 4 5 6 |  6.0
Fighting       | |  1.5
Dodging        | |  1.9

Action                   |  1- 3 |  4- 6 |  7- 9 | 10-12 || total
-------------------------+-------+-------+-------+-------++-------
Melee: Unarmed           |    82 |   213 |   320 |    73 ||   688
       Punch             |     1 |     3 |     8 |     2 ||    14
Invok: Ancestor Life: He |       |       |     1 |       ||     1
Evoke: Wand              |       |       |       |     3 ||     3
  Use: Scroll            |     1 |     1 |     1 |       ||     3
       Potion            |       |       |     1 |     4 ||     5
 Stab: Distracted        |       |       |     1 |       ||     1
       Confused          |       |       |       |     1 ||     1
Armor: Robe              |     6 |       |       |       ||     6
       Ice dragon scales |    49 |   149 |   182 |    44 ||   424
Dodge: Dodged            |    35 |    82 |   136 |    50 ||   303
Block: Other             |       |       |    26 |    18 ||    44
       Reflection        |       |       |     2 |       ||     2

Table legend: (Time is in decaauts)
 A = Elapsed time spent in this place.
 B = Non-inter-level travel time spent in this place.
 C = Inter-level travel time spent in this place.
 D = Time resting spent in this place.
 E = Time spent auto-exploring this place.
 F = Levels seen in this place.
 G = Mean time per level.
                   A        B        C        D        E       F      G
               +--------+--------+--------+--------+--------+-----+--------+
         Total |   6147 |   5951 |    196 |    131 |   4562 |   8 |  768.4 |
       Dungeon |   6147 |   5951 |    196 |    131 |   4562 |   8 |  768.4 |
               +--------+--------+--------+--------+--------+-----+--------+

Top non-repeatable levels by time:
     D:7: 1093 daAuts
     D:5: 918 daAuts
     D:3: 805 daAuts
     D:6: 743 daAuts
     D:4: 698 daAuts
     D:1: 661 daAuts
     D:8: 657 daAuts
     D:2: 569 daAuts
